 Dungeon Crawl Stone Soup version 0.22-a0-99-g1ac4c55 (webtiles) character file.

67 tof the Slasher (level 3, -1/33 HPs)
             Began as a Minotaur Monk on Jan 25, 2018.
             Killed from afar by Sigmund (7 damage)
             ... with a magic dart
             ... on level 2 of the Dungeon.
             The game lasted 00:02:12 (1382 turns).

tof the Slasher (Minotaur Monk)                     Turns: 1382, Time: 00:02:13

Health: -1/33      AC:  5    Str: 15    XL:     3   Next: 98%
Magic:  2/2        EV: 12    Int:  7    God:
Gold:   73         SH:  0    Dex: 13    Spells: 2/2 levels left

rFire    . . .     SeeInvis .   f - +1 dagger (freeze)
rCold    . . .     Gourm    .   (no shield)
rNeg     . . .     Faith    .   g - +0 ring mail
rPois    .         Spirit   .   (helmet restricted)
rElec    .         Reflect  .   (no cloak)
rCorr    .         Harm     .   (no gloves)
MR       .....                  (no boots)
Stlth    +.........             (no amulet)
HPRegen  0.11/turn              (no ring)
MPRegen  0.08/turn              (no ring)

@: no status effects
A: retaliatory headbutt, horns 2
a: no special abilities


You were on level 2 of the Dungeon.
You were not hungry.

You visited 1 branch of the dungeon, and saw 2 of its levels.

You collected 73 gold pieces.

Inventory:

Hand Weapons
 a - a +0 falchion
 f - a +1 dagger of freezing (weapon)
Missiles
 i - 4 javelins of returning (quivered)
Armour
 g - a +0 ring mail (worn)
Scrolls
 h - 2 scrolls of identify {unknown}
Potions
 b - a potion of cancellation {unknown}
 e - a potion of resistance {unknown}
Comestibles
 c - 3 rations
 d - 13 chunks of flesh


   Skills:
 + Level 4.3 Fighting
 * Level 4.9 Long Blades
 + Level 2.0 Armour
 - Level 3.2 Dodging
 - Level 1.5 Stealth


You had 2 spell levels left.
You didn't know any spells.

Dungeon Overview and Level Annotations

Branches:
Dungeon (2/15)

Altars:

Annotations:
D:2 Sigmund


Innate Abilities, Weirdness & Mutations

You reflexively headbutt those who attack you in melee.
You have a pair of horns on your head.


Message History

The javelin of returning fails to return to your pack!
Sigmund hits you from afar with a scythe!
Throwing (i - inventory):
i - 5 javelins of returning (quivered)
Press: ? - help, Shift-Dir - straight line, f/p - Sigmund
Aim: Sigmund, wielding a scythe and wearing an embroidered robe (moderately wounded)
You throw a javelin of returning. The javelin of returning hits Sigmund.
Sigmund is moderately wounded.
The javelin of returning fails to return to your pack!
Sigmund closely misses you.
You closely miss Sigmund. You headbutt Sigmund, but do no damage.
Sigmund is moderately wounded.
Sigmund hits you with a scythe!
* * * LOW HITPOINT WARNING * * *
You hit Sigmund but do no damage.
Sigmund is moderately wounded.
You hit Sigmund but do no damage. You headbutt Sigmund.
Sigmund is moderately wounded.
Sigmund points at you and mumbles some strange words.
The magic dart hits you!
You die...

#...^.# #.....#
####.....##
######.........#
#....'.........#
#.####.........#
#.# #.........#
#.# #.....(...#
#@# #.........#
#@# ###########
#(# .....
#.##......
#.('......
#.##..g.s. ###
..... ...w #..


You could see Sigmund.

Vanquished Creatures
  A gnoll (D:1)
  2 adders (D:2)
  2 oozes (D:1)
  2 dart slugs
  3 bats (D:1)
  2 giant cockroaches
  2 goblins
  3 hobgoblins
  5 jackals (D:1)
  A kobold (D:1)
  2 rats
25 creatures vanquished.

Notes
Turn   | Place    | Note
-------+----------+-------------------------------------------
     0 | D:1      | tof the Minotaur Monk began the quest for the Orb.
     0 | D:1      | Reached XP level 1. HP: 19/19 MP: 0/0
   109 | D:1      | Reached skill level 1 in Armour
   109 | D:1      | Reached XP level 2. HP: 16/27 MP: 1/1
   863 | D:1      | Reached XP level 3. HP: 33/33 MP: 2/2
  1375 | D:2      | Noticed Sigmund
  1382 | D:2      | Killed from afar by Sigmund

Vault maps used:
D:1:      elethiomel_arrival_infinity_welcomes_careful_drivers
D:2:      minmay_misc_feat_rows, uniq_sigmund

Skill      XL: |  1  2  3 |
---------------+----------+-----
Long Blades    | 4 |  4.9
Armour         | 1 2 |  2.0
Fighting       | 4 |  4.3
Dodging        | |  3.2
Stealth        | |  1.5

Action                   || total
-------------------------++-------
Melee: Falchion          ||    14
       Headbutt          ||     9
       Dagger            ||    48
Throw: Javelin           ||     6
 Stab: Sleeping          ||     1
  Eat: Chunk             ||     1
Armor: Robe              ||     8
       Ring mail         ||    14
Dodge: Dodged            ||    45
       Rpst.: Falchion   ||     6

Table legend:
 A = Spawn XP
 B = Non-spawn XP
 C = Spawn XP percentage of total XP
 D = Spawn monster count
 E = Non-spawn monster count
 F = Spawn count percentage of total count
 G = Total turns spent on level
                    A         B        C        D         E        F      G
               +---------+---------+-------+---------+---------+-------+---------
         Total |       0 |      96 |   0.0 |       0 |      25 |   0.0 |  1382
               +---------+---------+-------+---------+---------+-------+---------
           D:1 |       0 |      59 |   0.0 |       0 |      18 |   0.0 |  1229
           D:2 |       0 |      37 |   0.0 |       0 |       7 |   0.0 |   153
               +---------+---------+-------+---------+---------+-------+---------
